AoeStats
← palomuno

Migration

504139774Analyzed
1v1 RM · 26d ago on Sep 4, 2026· 50m 37s· 2 players
Game mode
Random Map
Map size
132×132
Population
200
Speed
Normal
Resources
Standard
Victory
Conquest
Starting age
Dark Age
Ending age
Imperial Age
RankedLock teamsTeams togetherTeam positionsShared explorationLock speedFull tech treeHidden civsTurbo modeCheats
Victory
Defeat
🇨🇴 Turks · Colombia
479
+16
🇨🇱 Bohemians · Chile
487
-16
palomuno
7:52 Loom
10:37 Feudal Age
15:52 Castle Age
13:42 Horse Collar
15:27 Double-Bit Axe
20:30 Heavy Plow
25:04 Medium Warships
31:11 Imperial Age
29:31 Treadmill Crane
30:39 Bow Saw
30:34 Heavy Plow
31:27 Elite Cannon Galleon
32:58 Fletching
34:10 Heavy Warships
38:58 Two-Man Saw
39:09 Bodkin Arrow
44:11 Bracer
49:59 Cavalier
dubi manco
13:48 Feudal Age
15:10 Fishing Lines
19:13 Castle Age
22:34 Ballistics
23:14 Gillnets
23:23 Double-Bit Axe
27:07 Bow Saw
36:05 Imperial Age
33:37 Demolition Ship
36:49 Chemistry
37:15 Siphons
39:22 Man-at-Arms
41:31 Pikeman
44:07 Wheelbarrow
43:59 Halberdier
Connection lost

Rejoining the realm…

Still unreachable

The connection could not be restored.

Session expired

The server has moved on; the page needs a fresh start.